Map: Orbital Shipyard

Players

Miszu

  • Race: Zerg Zerg
  • League: Master

POX - Winner!

  • Race: Protoss Protoss
  • League: Grandmaster

VOD

Have the link to the VOD?

Description

Time

  • Played on: March 6, 2016, 5:57 p.m.
  • Length: 6:01
Show
View Real Time Build Order
Export as new Build Order

Miszu Zerg 

Build Orders: Hatch First 

Get SALT Encoding   

  12  0:00  Drone  
  13  0:12  Overlord  
  13  0:17  Drone  
  14  0:30  Drone  
  15  0:36  Drone  
  16  0:48  Drone  
  17  0:55  Drone  
  17  0:56  Hatchery  
  17  1:11  Drone  
  17  1:14  Extractor  
  17  1:17  Spawning Pool  
  17  1:18  Drone  
  17  1:26  Drone  
  18  1:41  Drone  
  19  1:48  Drone  
  20  2:01  Overlord  
  20  2:04  Queen  
  20  2:07  Queen  
  24  2:11  Zergling x4  
  26  2:19  Drone  
  26  2:20  Drone  
  28  2:32  Drone x2  
  30  2:40  Drone  
  30  2:43  Queen, Drone  
  34  2:51  Zergling x2  
  34  2:55  Extractor  
  34  2:57  Zergling x2  
  34  2:58  Metabolic Boost  
  34  3:05  Overlord x2  
  32  3:23  Drone x7  
  38  3:38  Drone x3  
  40  3:48  Drone  
  41  3:53  Lair, Drone  
  42  4:00  Hatchery  
  41  4:03  Drone x5  
  41  4:06  Extractor  
  41  4:07  Extractor  
  44  4:10  Drone  
  44  4:11  Evolution Chamber  
  44  4:13  Drone  
  45  4:17  Drone x3  
  48  4:26  Overlord  
  48  4:28  Drone x3  
  51  4:42  Spore Crawler  
  50  4:47  Spore Crawler  
  45  5:02  Drone x2  
  45  5:03  Drone x2  
  45  5:04  Drone x2  
  51  5:09  Drone x5  
  51  5:13  Infestation Pit, Drone x3  
  58  5:14  Drone  
  59  5:21  Drone x2  
  61  5:28  Spore Crawler  
  61  5:32  Overlord x3  
Show
View Real Time Build Order
Export as new Build Order

POX Protoss - Winner!

Build Orders: 1 Gate Expand, Oracle Opening 

Get SALT Encoding   

  12  0:01  Probe (Chrono Boost)  
  13  0:12  Probe (Chrono Boost)  
  14  0:17  Pylon  
  14  0:22  Probe (Chrono Boost)  
  16  0:35  Probe (Chrono Boost)  
  16  0:37  Gateway  
  16  0:46  Probe (Chrono Boost)  
  16  0:48  Assimilator  
  17  0:57  Probe (Chrono Boost)  
  18  1:02  Gateway  
  18  1:07  Probe (Chrono Boost)  
  19  1:24  Cybernetics Core  
  19  1:39  Nexus  
  19  1:45  Pylon  
  23  2:02  Adept (Chrono Boost)  
  23  2:03  Adept (Chrono Boost), Warp Gate, Probe  
  24  2:10  Assimilator  
  24  2:15  Probe  
  25  2:28  Adept (Chrono Boost)  
  25  2:29  Adept (Chrono Boost), Probe  
  30  2:41  Probe  
  31  2:52  Probe (Chrono Boost)  
  31  2:53  Probe (Chrono Boost)  
  33  3:01  Stargate  
  33  3:03  Probe (Chrono Boost)  
  33  3:04  Probe (Chrono Boost)  
  35  3:13  Probe (Chrono Boost)  
  35  3:14  Probe (Chrono Boost)  
  37  3:24  Probe (Chrono Boost)  
  37  3:25  Mothership Core (Chrono Boost)  
  36  3:34  Probe (Chrono Boost)  
  36  3:39  Nexus  
  36  3:41  Pylon  
  37  3:43  Probe (Chrono Boost)  
  37  3:45  Probe (Chrono Boost)  
  37  3:47  Oracle (Chrono Boost)  
  42  3:54  Pylon  
  42  3:55  Probe  
  42  3:56  Probe  
  44  4:06  Sentry, Probe  
  44  4:07  Zealot  
  44  4:08  Probe  
  50  4:15  Assimilator  
  50  4:16  Probe  
  50  4:20  Probe  
  52  4:26  Phoenix (Chrono Boost), Assimilator  
  52  4:27  Probe  
  55  4:32  Probe  
  55  4:33  Adept x2  
  55  4:37  Probe  
  60  4:44  Probe  
  62  4:49  Probe  
  63  4:55  Probe  
  63  4:56  Probe  
  63  4:57  Phoenix (Chrono Boost)  
  63  4:59  Probe  
  67  5:01  Pylon  
  67  5:05  Probe  
  67  5:06  Adept x2  
  70  5:08  Probe  
  70  5:10  Probe  
  72  5:16  Probe  
  72  5:19  Phoenix (Chrono Boost)  
  72  5:20  Probe x2  
  76  5:26  Probe  
  76  5:27  Adept x2  
  82  5:31  Probe  
  82  5:32  Pylon, Probe  
  84  5:37  Pylon x2, Probe  
  85  5:48  Probe  
  85  5:51  Robotics Facility  
  85  5:52  Robotics Facility  
Tags
 
Add a new tag
Caveats
  • Supply blocks, unpowered buildings, or Contaminate may cause inaccurate times.
  • Supply counts are checked every 10 seconds.